 Dungeon Crawl Stone Soup version 0.30-a0-458-g86641cc369 (webtiles) character file.

Game seed: 4878867616685138595

7739 jlumianski the Cleaver (level 11, 0/85 HPs)
             Began as a Demonspawn Fighter on Dec 15, 2022.
             Was a Believer of Qazlal.
             Slain by Snorg (18 damage)
             ... on level 11 of the Dungeon.
             The game lasted 01:05:31 (12278 turns).

jlumianski the Cleaver (Demonspawn Fighter)        Turns: 12278, Time: 01:05:32

Health: 0/85       AC: 24    Str: 21    XL:     11   Next: 0%
Magic:  16/16      EV: 11    Int: 10    God:    Qazlal [**....]
Gold:   221        SH: 13    Dex: 12    Spells: 10/10 levels left

rFire   . . .      SeeInvis .    R - +1 broad axe
rCold   . . .      Faith    .    c - +0 buckler
rNeg    + . .      Spirit   .    N - +0 plate armour
rPois   .          Reflect  +    p - +2 helmet
rElec   .          Harm     .    f - scarf {shadows}
rCorr   .          Rampage  .    H - +1 pair of gloves
Will    .....                    (no boots)
Stlth   ..........               j - amulet of reflection
HPRegen 0.34/turn                u - ring of positive energy
MPRegen 0.15/turn                E - +4 ring of protection

@: agile, studying Shields
A: hooves 1, thin metallic scales 1, powered by pain 1, demonic magic 2
a: Renounce Religion, Upheaval


You were on level 11 of the Dungeon.
You worshipped Qazlal.
Qazlal was pleased with you.
You visited 2 branches of the dungeon, and saw 12 of its levels.

You collected 704 gold pieces.
You spent 483 gold pieces at shops.

Inventory:

Hand Weapons
 q - a +0 war axe of flaming
 x - the +6 flail of Giaj {drain, Str+3 SInv}
   (You found it on level 4 of the Dungeon)

   A truly terrible weapon, it drains the life of any living foe it strikes.
   Str:       It affects your strength (+3).
   SInv:      It lets you see invisible.
 R - a +1 broad axe (weapon)
Missiles
 r - 19 poisoned darts (quivered)
 z - 3 curare-tipped darts
Armour
 b - a +0 pair of boots
 c - a +0 buckler (worn)
 f - a scarf of shadows (worn)
 m - a +0 cloak
 p - a +2 helmet (worn)
 H - a +1 pair of gloves (worn)
 N - a +0 plate armour (worn)
Jewellery
 g - a ring of ice
 j - an amulet of reflection (around neck)
 u - a ring of positive energy (left hand)
 E - a +4 ring of protection (right hand)
 O - a ring of positive energy
Wands
 a - a wand of digging (3)
 e - a wand of charming (1)
 y - a wand of flame (15)
 A - a wand of roots (22)
Scrolls
 i - 5 scrolls of identify
 k - a scroll of fog
 l - a scroll of amnesia
 s - 5 scrolls of silence
 w - a scroll of summoning
 B - a scroll of teleportation
 D - 3 scrolls of blinking
 J - a scroll of fear
Potions
 d - a potion of might
 h - a potion of cancellation
 n - 2 potions of heal wounds
 o - 5 potions of curing
 t - a potion of resistance
 v - a potion of berserk rage
 C - 2 potions of lignification
 F - 2 potions of haste
 K - 3 potions of mutation
 Q - a potion of ambrosia


   Skills:
 * Level 7.7 Fighting
 + Level 9.4 Axes
 + Level 1.0 Throwing
 + Level 6.4 Armour
 - Level 1.6 Dodging
 * Level 9.1 Shields
 * Level 6.9 Invocations
 * Level 3.0 Evocations


You had 10 spell levels left.
You didn't know any spells.
Your spell library contained the following spells:

 Spells                   Type           Power      Damage    Failure   Level
 Shock                    Conj/Air       0%         1d3       100%        1
 Sublimation of Blood     Necr           0%         N/A       100%        2
 Wereblood                Tmut           0%         N/A       100%        2
 Confusing Touch          Hex            0%         N/A       100%        3
 Ignite Poison            Fire/Tmut/Pois 0%         N/A       100%        3
 Kindle Blastsparks       Fire/Tloc/Air  0%         2d10      100%        3
 Vhi's Electric Charge    Tloc/Air       0%         N/A       100%        3
 Arcjolt                  Conj/Air       0%         1d10      100%        5
 Freezing Cloud           Conj/Ice/Air   0%         6-21      100%        5
 Summon Hydra             Summ           0%         N/A       100%        7
 Maxwell's Capacitive Co  Air            0%         ∞         100%        8


Dungeon Overview and Level Annotations

Branches:
Dungeon (11/15)            Temple (1/1) D:6            Lair (0/5) D:8
    Orc: D:9-12

Altars:
Ashenzari
Gozag
Nemelex Xobeh
Qazlal
Ru
Sif Muna
Trog
Uskayaw
Wu Jian
Yredelemnul

Shops:
D:2 ?   D:3 [   D:9 *

Annotations:
D:11 Snorg


Innate Abilities, Weirdness & Mutations

You have large cloven feet.
You are partially covered in thin metallic scales. (AC +2)
You sometimes gain a little power by taking damage.
Spells you cast may paralyse nearby enemies.


Message History

Snorg is severely wounded.
You block Snorg's attack. x2; Snorg claws you.
Snorg bites you but does no damage. Snorg claws you but does no damage.
Snorg claws you!
You slice Snorg!! You kick Snorg.
Snorg is almost dead.
You block Snorg's attack. Snorg claws you. Snorg claws you but does no damage.
You hit Snorg.
Snorg is almost dead.
Snorg bites you. Snorg barely misses you. You block Snorg's attack.
Snorg bites you but does no damage. Snorg barely misses you.
You block Snorg's attack.
You hit Snorg.
Snorg is almost dead.
Snorg bites you but does no damage. You block Snorg's attack.
Snorg claws you but does no damage. Snorg bites you. Snorg barely misses you.
Snorg claws you but does no damage.
You barely miss Snorg.
Snorg is almost dead.
You block Snorg's attack. x2; Snorg claws you but does no damage.
Snorg bites you but does no damage. Snorg barely misses you. x2
You closely miss Snorg. You kick Snorg, but do no damage.
Snorg is almost dead.
Snorg bites you! You block Snorg's attack. Snorg claws you but does no damage.
You hit Snorg. Your kick misses Snorg.
Snorg is almost dead.
You block Snorg's attack. Snorg claws you!
* * * LOW HITPOINT WARNING * * *
You focus on the pain.
You feel agile all of a sudden. You block Snorg's attack. Snorg bites you.
* * * LOW HITPOINT WARNING * * *
Snorg claws you!
* * * LOW HITPOINT WARNING * * *
Snorg claws you but does no damage.
Press: ? - help, v - describe, . - travel
Here: Snorg (almost dead, berserk)
The floor, spattered with blood.
You feel better. Snorg bites you!!
You die...

.(. #(# #.# #(#
#.# #. #T# #.#
#@# #.# #.# #.#
#.# # #.# #.#
#.##.####.# #
#.........# .#
####.####.# #.[
#######...###.#
#####.#
#......(.<....#
#....#


You could see Snorg (berserk).

Vanquished Creatures
  A manticore (D:11)
  Joseph (D:7)
  A troll (D:10)
  A wraith (D:10)
  A wyvern (D:9)
  6 yaks (D:10)
  A ynoxinul (D:10)
  2 steam dragons
  A basilisk (D:11)
  5 vampire mosquitoes
  A black bear (D:5)
  2 water moccasins
  A sky beast (D:7)
  An ice beast (D:5)
  6 orc warriors
  An ogre (D:5)
  A centaur (shapeshifter) (D:10)
  3 centaurs (D:10)
  4 kobold brigands
  4 bullfrogs
  2 gnoll sergeants
  6 scorpions
  10 wights
  2 electric eels (D:8)
  The ghost of Splishie the Nimble, a weakling GnWn of Lugonu (D:4)
  7 howler monkeys
  4 jellies
  4 orc priests
  3 hounds
  5 iguanas
  Jessica (D:2)
  9 orc wizards
  20 gnolls
  4 adders
  A shadow imp (D:5)
  A white imp (D:8)
  3 ufetubi
  3 worms
  4 dart slugs
  39 orcs
  8 endoplasms
  3 giant cockroaches
  6 goblins
  6 hobgoblins
  3 jackals
  25 kobolds
  8 quokkas
  5 ball pythons
  3 bats
  4 frilled lizards
  7 rats
251 creatures vanquished.

Notes
Turn   | Place    | Note
-------+----------+-------------------------------------------
     0 | D:1      | jlumianski the Demonspawn Fighter began the quest for the
                  | Orb.
     0 | D:1      | Reached XP level 1. HP: 18/18 MP: 1/1
    93 | D:1      | Gained mutation: Spells you cast may paralyse adjacent
                  | enemies. [demonic ancestry]
    93 | D:1      | Reached XP level 2. HP: 22/24 MP: 2/2
   475 | D:1      | Found a faded altar of an unknown god.
   654 | D:1      | Reached XP level 3. HP: 26/29 MP: 3/3
   858 | D:2      | Noticed Jessica
   870 | D:2      | Killed Jessica
   871 | D:2      | Gained mutation: You sometimes gain a little power by
                  | taking damage. [demonic ancestry]
   871 | D:2      | Reached XP level 4. HP: 11/35 MP: 4/4
   988 | D:2      | Reached skill level 1 in Dodging
  1387 | D:2      | Found Laireonn's Magic Scroll Shoppe.
  1402 | D:2      | Bought a scroll of identify for 22 gold pieces
  1402 | D:2      | Bought a scroll of identify for 22 gold pieces
  1402 | D:2      | Bought a scroll of identify for 22 gold pieces
  1402 | D:2      | Bought a scroll of identify for 22 gold pieces
  1429 | D:2      | HP: 1/35 [gnoll/+0 halberd (3)]
  1839 | D:2      | Reached XP level 5. HP: 10/41 MP: 5/5
  1992 | D:3      | Found Nimpohemn's Armour Shop.
  2045 | D:3      | Found a sacrificial altar of Ru.
  2045 | D:3      | Found a broken altar of Ashenzari.
  3042 | D:5      | Entered Level 5 of the Dungeon
  3253 | D:4      | Gained mutation: Spells you cast may paralyse nearby
                  | enemies. [demonic ancestry]
  3253 | D:4      | Reached XP level 6. HP: 47/47 MP: 6/6
  3264 | D:4      | Identified the +6 flail of Giaj {drain, Str+3 SInv}
  3296 | D:4      | Found a runed translucent gate.
  3296 | D:4      | Noticed Splishie's ghost (weakling GnWn)
  3297 | D:4      | Found a runed translucent gate.
  3297 | D:4      | Found a runed translucent gate.
  3334 | D:4      | HP: 1/47 [constriction (2)]
  3907 | D:4      | Killed Splishie's ghost
  3996 | D:2      | Bought a scroll of blinking for 82 gold pieces
  4134 | D:5      | Noticed a water moccasin
  4138 | D:5      | Reached skill level 5 in Axes
  4177 | D:5      | Reached XP level 7. HP: 17/53 MP: 7/7
  4829 | D:5      | Reached XP level 8. HP: 34/61 MP: 8/8
  5770 | D:5      | Reached skill level 5 in Fighting
  5832 | D:6      | Found a staircase to the Ecumenical Temple.
  5842 | Temple   | Entered the Ecumenical Temple
  5865 | Temple   | Became a worshipper of Qazlal Stormbringer
  6024 | D:7      | Reached skill level 1 in Invocations
  6061 | D:7      | Noticed Joseph
  6178 | D:5      | Reached skill level 5 in Shields
  6597 | D:6      | Found an ornate altar of the Wu Jian Council.
  6815 | D:6      | Gained mutation: You have large cloven feet. [demonic
                  | ancestry]
  6815 | D:6      | Reached XP level 9. HP: 44/69 MP: 10/10
  7018 | D:7      | Reached skill level 5 in Armour
  7083 | D:7      | Killed Joseph
  7084 | D:7      | Reached skill level 1 in Throwing
  7998 | D:8      | Reached * piety under Qazlal
  8266 | D:9      | Found Uwouh's General Store.
  8272 | D:9      | Bought a potion of curing for 42 gold pieces
  8272 | D:9      | Bought a potion of heal wounds for 70 gold pieces
  8402 | D:8      | Reached skill level 5 in Invocations
  8954 | D:8      | Found a hide-covered altar of Uskayaw.
  9015 | D:8      | Found a staircase to the Lair.
  9089 | D:8      | Gained mutation: You are partially covered in thin metallic
                  | scales. (AC +2) [demonic ancestry]
  9089 | D:8      | Reached XP level 10. HP: 76/77 MP: 13/13
  9672 | D:10     | Entered Level 10 of the Dungeon
 10036 | D:9      | Reached ** piety under Qazlal
 10039 | D:9      | Reached skill level 1 in Evocations
 10540 | D:9      | Bought a wand of roots (6) for 201 gold pieces
 11580 | D:10     | Found a bloodstained altar of Trog.
 11685 | D:10     | Found a shimmering blue altar of Sif Muna.
 11691 | D:10     | Got Sif Muna's Writings on the Sky and Fascination
 11840 | D:10     | Found a sparkling altar of Nemelex Xobeh.
 11845 | D:10     | Found a basalt altar of Yredelemnul.
 11847 | D:10     | Found a faded altar of an unknown god.
 11849 | D:10     | Found a faded altar of an unknown god.
 12006 | D:11     | Noticed a manticore
 12023 | D:11     | Killed a manticore
 12024 | D:11     | Reached XP level 11. HP: 63/85 MP: 16/16
 12258 | D:11     | Noticed Snorg
 12278 | D:11     | Slain by Snorg

Illustrated notes

Levels and vault maps discovered:
D:1:      giann_horns, layout_basic, ebering_ecumenical_altar_mist,
          hangedman_feature_mirror, minmay_tetromino_l2
D:2:      layout_basic, serial_shops, shop, minivault_25, grunt_ministairs_5,
          minmay_indecisive_spiral, uniq_jessica
D:3:      layout_loops_corners, gammafunk_temple_overflow_forgotten,
          serial_shops, shop, minivault_23, minmay_misc_feat_four_crosses
D:4:      layout_basic, gammafunk_ghost_split
D:5:      minmay_thinvault, layout_cave_pods
D:6:      layout_loops_ring, nzn_wu_jian_contemplation,
          minmay_temple_entry_sparse_star, uniq_sigmund
D:7:      layout_basic, enter_bailey_2, kennysheep_generic_room_11, uniq_joseph
D:8:      layout_loops_cross, kennysheep_little_box, tso_metal_star,
          lair_entry_dummy, nicolae_water_bricks
D:9:      layout_basic, serial_shops, shop
D:10:     layout_irregular_city, nzn_overflow_gifts_of_might_and_magic,
          chequers_temple_overflow_minitemple
D:11:     layout_loops_ring, nicolae_trove_entry_path_of_doom,
          lightli_fourway_metalbox, uniq_josephine, uniq_snorg
Temple:   bh_familiar_temple

Skill      XL: |  1  2  3  4  5  6  7  8  9 10 |
---------------+-------------------------------+-----
Shields        | 3 4 5 7 9 |  9.1
Axes           | 2 3 4 5 6 7 8 9 |  9.4
Armour         | 3 4 5 6 |  6.4
Dodging        | 1 |  1.6
Fighting       | 4 5 6 7 |  7.7
Invocations    | 2 5 6 |  6.9
Throwing       | 1 |  1.0
Evocations     | 3 |  3.0

Action                   |  1- 3 |  4- 6 |  7- 9 | 10-12 || total
-------------------------+-------+-------+-------+-------++-------
Melee: War axe           |    86 |   233 |   417 |       ||   736
       Kick              |       |       |    40 |    88 ||   128
       Broad axe         |       |       |     7 |   260 ||   267
Throw: Dart              |       |     3 |    17 |     3 ||    23
Invok: Upheaval          |       |       |       |     1 ||     1
Evoke: Wand              |       |     1 |     1 |       ||     2
  Use: Scroll            |       |    12 |    13 |     3 ||    28
       Potion            |       |     4 |     3 |     1 ||     8
Armor: Scale mail        |    19 |       |       |       ||    19
       Chain mail        |    50 |   186 |   259 |       ||   495
       Plate armour      |       |       |     8 |   172 ||   180
Dodge: Dodged            |    36 |   141 |   159 |    80 ||   416
Block: Buckler           |    20 |    59 |   145 |   175 ||   399

Table legend: (Time is in decaauts)
 A = Elapsed time spent in this place.
 B = Non-inter-level travel time spent in this place.
 C = Inter-level travel time spent in this place.
 D = Time resting spent in this place.
 E = Time spent auto-exploring this place.
 F = Levels seen in this place.
 G = Mean time per level.
                   A        B        C        D        E       F      G
               +--------+--------+--------+--------+--------+-----+--------+
         Total |  12578 |  12250 |    328 |   1330 |   6170 |  12 | 1048.2 |
       Dungeon |  12540 |  12212 |    328 |   1330 |   6170 |  11 | 1140.0 |
        Temple |     37 |     37 |      0 |      0 |      0 |   1 |   37.0 |
               +--------+--------+--------+--------+--------+-----+--------+

Top non-repeatable levels by time:
     D:8: 1929 daAuts
     D:5: 1898 daAuts
     D:2: 1268 daAuts
     D:9: 1259 daAuts
     D:4: 1214 daAuts
     D:3: 1136 daAuts
    D:10: 1111 daAuts
     D:7: 872 daAuts
     D:1: 753 daAuts
     D:6: 689 daAuts
    D:11: 406 daAuts
  Temple: 37 daAuts
